 Dungeon Crawl Stone Soup version 0.29-a0-559-g359e09b9d1 (webtiles) character file.

Game seed: 10242762755794498168

5489 Nedwor the Stickfighter (level 10, -46/94 HPs)
             Began as a Minotaur Gladiator on June 10, 2022.
             Was an Elder of Okawaru.
             Annihilated by a boulder beetle (55 damage)
             ... on level 12 of the Dungeon.
             The game lasted 00:14:02 (8367 turns).

Nedwor the Stickfighter (Minotaur Gladiator)        Turns: 8367, Time: 00:14:03

Health: -46/94     AC:  9    Str: 29    XL:     10   Next: 42%
Magic:  9/9        EV: 13    Int:  5    God:    Okawaru [****..]
Gold:   536        SH:  0    Dex: 12    Spells: 9/9 levels left

rFire   . . .      SeeInvis .   C - +3 quarterstaff (chaos)
rCold   . . .      Faith    .   (shield currently unavailable)
rNeg    + . .      Spirit   .   b - +0 leather armour
rPois   .          Reflect  .   g - +2 hat
rElec   .          Harm     .   D - +0 cloak
rCorr   .          Rampage  .   O - +2 pair of gloves
Will    .....                   (no boots)
Stlth   +.........              a - amulet of regeneration
HPRegen 1.05/turn               l - ring of positive energy
MPRegen 0.11/turn               M - +6 ring of strength

@: marked
A: horns 2, retaliatory headbutt
a: Renounce Religion, Heroism, Finesse


You were on level 12 of the Dungeon.
You worshipped Okawaru.
Okawaru was greatly pleased with you.
You visited 1 branch of the dungeon, and saw 10 of its levels.
You also visited: Sewer.

You collected 536 gold pieces.

Inventory:

Hand Weapons
 C - a +3 quarterstaff of chaos (weapon)
Missiles
 d - 2 throwing nets (quivered)
 N - 3 silver javelins
Armour
 b - a +0 leather armour (worn)
 g - a +2 hat (worn)
 D - a +0 cloak (worn)
 O - a +2 pair of gloves (worn)
Jewellery
 a - an amulet of regeneration (around neck)
 l - a ring of positive energy (left hand)
 J - a ring of magical power
 M - a +6 ring of strength (right hand)
Wands
 f - a wand of digging (11)
 y - a wand of charming (19)
 A - a wand of acid (1)
 E - a wand of mindburst (15)
 F - a wand of flame (10)
 I - a wand of iceblast (9)
Scrolls
 c - a scroll of identify
 e - a scroll of fear {unknown}
 i - 4 scrolls of teleportation
 m - a scroll of enchant armour
 t - 2 scrolls of enchant weapon
 G - a scroll of brand weapon {unknown}
 K - 2 scrolls of poison {unknown}
 L - a scroll of fog
 P - a scroll of blinking
Potions
 h - 4 potions of heal wounds
 j - 3 potions of invisibility {unknown}
 k - 2 potions of degeneration {unknown}
 n - a potion of lignification {unknown}
 o - 2 potions of berserk rage {unknown}
 p - 2 potions of flight {unknown}
 q - 2 potions of haste {unknown}
 r - 2 potions of magic {unknown}
 s - 3 potions of resistance {unknown}
 u - a potion of brilliance {unknown}
 v - 3 potions of might {unknown}
 w - 2 potions of cancellation {unknown}
 x - 4 potions of curing
 z - 4 potions of ambrosia {unknown}
 B - 2 potions of attraction {unknown}
 H - a potion of mutation {unknown}


   Skills:
 + Level 10.7 Fighting
 * Level 15.0 Staves
 - Level 2.0 Throwing
 + Level 2.7 Armour
 + Level 4.3 Dodging


You had 9 spell levels left.
You didn't know any spells.
Your spell library contained the following spells:

 Spells                   Type           Power      Damage    Failure   Level
 Freeze                   Ice            0%         1d3       52%         1
 Magic Dart               Conj           0%         1d3       52%         1
 Shock                    Conj/Air       0%         1d3       52%         1
 Sting                    Tmut/Pois      0%         1d3       52%         1
 Frozen Ramparts          Ice            0%         1d2       87%         3
 Gell's Gravitas          Tloc           0%         N/A       87%         3
 Ignite Poison            Fire/Tmut/Pois 0%         N/A       87%         3
 Lesser Beckoning         Tloc           0%         N/A       87%         3
 Mephitic Cloud           Conj/Pois/Air  0%         N/A       87%         3
 Portal Projectile        Hex/Tloc       0%         N/A       87%         3
 Spider Form              Tmut/Pois      0%         N/A       87%         3
 Teleport Other           Tloc           0%         N/A       87%         3
 Hailstorm                Conj/Ice       0%         3d3       99%         4
 Leda's Liquefaction      Hex/Erth       0%         N/A       99%         4
 Dispersal                Tloc           0%         N/A       100%        6
 Call Imp                 Summ           Unusable   N/A       N/A         2
 Call Canine Familiar     Summ           Unusable   N/A       N/A         3
 Malign Gateway           Summ/Tloc      Unusable   N/A       N/A         7

Dungeon Overview and Level Annotations

Branches:
Dungeon (12/15)            Temple (0/1) D:4           Sewer (visited)
   Lair: D:8-11         Orc: D:9-12

Altars:
Ashenzari
Cheibriados
Dithmenos
Fedhas
Hepliaklqana
Kikubaaqudgha
Makhleb
Okawaru
Qazlal
Sif Muna
Trog
Vehumet
Xom
Yredelemnul

Shops:
D:3 [   D:6 (


Innate Abilities, Weirdness & Mutations

You have a pair of horns on your head.
You reflexively headbutt those who attack you in melee.


Message History

A sourceless malevolence fills the Dungeon...
With a horrendous wail, an alarm goes off!
A sentinel's mark forms upon you.
You hear a shout!
A steam dragon comes into view.
Found a stone staircase leading down.
A sky beast appears from thin air!
Reactivating autopickup.
The steam dragon breathes steam at you. The ball of steam hits you!
* * * LOW HITPOINT WARNING * * *
The sky beast attacks as you move away! The sky beast barely misses you.
You furiously retaliate!
You headbutt the sky beast.
A slime creature comes into view.
Found 13 gold pieces.
You are engulfed in a cloud of scalding steam.
* * * LOW HITPOINT WARNING * * *
Really walk into that cloud of steam? [Y]es or [N]o only, please.
Really walk into that cloud of steam? [Y]es or [N]o only, please.
Really walk into that cloud of steam?
Okay, then.
The steam dragon attacks as you move away!
The steam dragon bites you but does no damage.
The steam dragon claws you but does no damage.
A boulder beetle comes into view.
The boulder beetle curls into a ball and begins rolling!
The steam dragon breathes steam at you. The ball of steam hits you.
* * * LOW HITPOINT WARNING * * *
The steam dragon breathes steam at you.
The ball of steam hits the steam dragon.
The steam dragon resists.
The ball of steam hits you!
* * * LOW HITPOINT WARNING * * *
The sky beast is engulfed in a cloud of scalding steam.
A sky beast comes into view.
Unknown command.
The boulder beetle hits you!!!
Ouch! That really hurt!
You die...

D!.≈≈..# #...... ##.≈≈..#
#......
#)#D§..###############...^..
##$.≈DY.......D..#>...+.D....
$.=§≈≈#.########.#.####......
..≈§§§YJ.Y§§##........D......
≈≈≈≈#.....D..#.#.#.#..#######
≈≈≈....####..#.#......#
..#.........@#.#.#...##
.....######B#...#...# ......
#°#####.#.# ...... #.° ....#
###### #..# ####.# #..# #...
##.#


You could see a boulder beetle (rolling), a slime creature, a steam dragon
(catching breath) and 2 sky beasts.

Vanquished Creatures
  Gastronok (D:8)
  Joseph (D:9)
  Prince Ribbit (D:9)
  A shapeshifter (D:7)
  4 yaks (D:9)
  A steam dragon (D:9)
  A black bear (D:6)
  An orc warrior (D:9)
  An ice beast (D:7)
  A black bear (shapeshifter) (D:6)
  An ogre (D:4)
  A sky beast (D:6)
  4 centaurs
  A phantom (D:5)
  2 kobold brigands
  A bullfrog (D:9)
  A gnoll sergeant (D:8)
  Blork the orc (D:5)
  2 scorpions
  5 wights (D:7)
  10 killer bees
  A gnoll shaman (D:7)
  2 hounds
  3 jellies
  Crazy Yiuf (D:3)
  2 orc priests (D:4)
  10 orc wizards
  An iguana (D:5)
  Terence (D:2)
  11 gnolls
  11 adders
  9 river rats
  A shadow imp (D:4)
  2 white imps
  2 ufetubi
  5 worms
  5 dart slugs
  31 orcs
  2 bats
  4 endoplasms
  A giant cockroach (D:3)
  5 hobgoblins
  5 jackals
  8 quokkas
  7 ball pythons
  2 frilled lizards
  12 goblins
  12 kobolds
  16 rats
214 creatures vanquished.

Vanquished Creatures (others)
  A shadow (D:12)
1 creature vanquished.

Grand Total: 215 creatures vanquished

Notes
Turn   | Place    | Note
-------+----------+-------------------------------------------
     0 | D:1      | Nedwor the Minotaur Gladiator began the quest for the Orb.
     0 | D:1      | Reached XP level 1. HP: 18/18 MP: 0/0
    58 | D:1      | Found a burning altar of Makhleb.
    94 | D:1      | Found a faded altar of an unknown god.
    95 | D:1      | Noticed a floating eye
    97 | D:1      | Noticed a shining eye
    97 | D:1      | Noticed an eye of devastation
    97 | D:1      | Noticed a floating eye
   117 | D:1      | Reached skill level 4 in Staves
   153 | D:1      | Reached XP level 2. HP: 25/25 MP: 1/1
  1174 | D:2      | Noticed Terence
  1183 | D:2      | Killed Terence
  1184 | D:2      | Reached skill level 5 in Staves
  1184 | D:2      | Reached XP level 3. HP: 14/31 MP: 2/2
  2168 | D:3      | Reached XP level 4. HP: 29/39 MP: 3/3
  2356 | D:3      | Found a glowing drain.
  2375 | Sewer    | Entered a sewer
  2517 | Sewer    | Noticed a kobold brigand
  2529 | Sewer    | Killed a kobold brigand
  2530 | Sewer    | Reached skill level 6 in Staves
  2530 | Sewer    | Reached XP level 5. HP: 43/46 MP: 4/4
  3146 | D:3      | Found a runed translucent door.
  3147 | D:3      | Noticed Crazy Yiuf
  3312 | D:3      | Found Jyacesai's Armour Boutique.
  3466 | D:3      | Killed Crazy Yiuf
  3688 | D:4      | Reached skill level 7 in Staves
  3718 | D:4      | Found a staircase to the Ecumenical Temple.
  3720 | D:4      | Reached XP level 6. HP: 53/53 MP: 5/5
  3785 | D:4      | Reached skill level 5 in Fighting
  4023 | D:4      | Found a stormy altar of Qazlal.
  4578 | D:5      | Entered Level 5 of the Dungeon
  4586 | D:5      | Reached skill level 8 in Staves
  4624 | D:4      | Reached XP level 7. HP: 54/62 MP: 6/6
  4679 | D:5      | Noticed Blork the orc
  4691 | D:5      | Killed Blork the orc
  4748 | D:5      | Reached skill level 9 in Staves
  4888 | D:5      | Found an iron altar of Okawaru.
  4921 | D:5      | Became a worshipper of Warmaster Okawaru
  5028 | D:5      | Found a shimmering altar of Xom.
  5030 | D:5      | Found a basalt altar of Yredelemnul.
  5030 | D:5      | Found an ancient bone altar of Kikubaaqudgha.
  5036 | D:5      | Found a bloodstained altar of Trog.
  5036 | D:5      | Found a basalt altar of Yredelemnul.
  5036 | D:5      | Found a broken altar of Ashenzari.
  5083 | D:5      | Found a bloodstained altar of Trog.
  5099 | D:6      | Found Muamifuv's Antique Weapon Shoppe.
  5252 | D:6      | Noticed a shapeshifter
  5252 | D:6      | an iguana changed into a shapeshifter
  5252 | D:6      | a shapeshifter changed into a black bear
  5256 | D:6      | Reached skill level 10 in Staves
  5256 | D:6      | Reached XP level 8. HP: 70/71 MP: 7/7
  5622 | D:6      | Found a shadowy altar of Dithmenos.
  5628 | D:6      | Found a hazy altar of Hepliaklqana.
  5631 | D:6      | Found a blossoming altar of Fedhas.
  5680 | D:6      | Reached * piety under Okawaru
  5881 | D:6      | Got the Catalogue of Twisted Transmutation
  6083 | D:6      | Reached skill level 11 in Staves
  6270 | D:7      | Reached ** piety under Okawaru
  6292 | D:7      | Noticed a shapeshifter
  6292 | D:7      | a bullfrog changed into a shapeshifter
  6293 | D:7      | Killed a shapeshifter
  6294 | D:7      | Reached skill level 12 in Staves
  6294 | D:7      | Reached XP level 9. HP: 82/82 MP: 8/8
  6530 | D:7      | Found a shimmering blue altar of Sif Muna.
  6541 | D:7      | Found an ancient bone altar of Kikubaaqudgha.
  6553 | D:7      | Found a radiant altar of Vehumet.
  6562 | D:7      | Got Vehumet's Incunabulum of Battle Magic
  7048 | D:8      | Found a snail-covered altar of Cheibriados.
  7217 | D:8      | Reached skill level 13 in Staves
  7531 | D:8      | Noticed Gastronok
  7547 | D:8      | Killed Gastronok
  7547 | D:8      | Reached *** piety under Okawaru
  7547 | D:8      | Received a gift from Okawaru
  7548 | D:8      | Reached skill level 10 in Fighting
  7548 | D:8      | Reached skill level 14 in Staves
  7548 | D:8      | Reached XP level 10. HP: 32/93 MP: 6/9
  7819 | D:9      | Noticed Joseph
  7828 | D:9      | Killed Joseph
  7828 | D:9      | Reached **** piety under Okawaru
  7829 | D:9      | Reached skill level 1 in Armour
  8167 | D:9      | Noticed Prince Ribbit
  8172 | D:9      | Killed Prince Ribbit
  8230 | D:9      | Reached skill level 15 in Staves
  8314 | D:9      | You fall into a shaft and drop 3 floors!
  8340 | D:12     | Noticed a red ugly thing
  8363 | D:12     | Noticed a boulder beetle
  8367 | D:12     | Annihilated by a boulder beetle

Illustrated notes

Levels and vault maps discovered:
D:1:      dpeg_arrival_tiny_a, layout_basic,
          hellmonk_ecumenical_altar_watching_god, kennysheep_flooded_box,
          minmay_misc_feat_room, chequers_mini_garden, minmay_misc_feat_enclosed
D:2:      layout_loops_ring, serial_glass, glass_columns_b, glass_columns_a,
          uniq_terence
D:3:      layout_rooms, serial_shops, shop, portal_sewer_entry_a,
          uniq_crazy_yiuf_cottage
D:4:      layout_basic, mainiacjoe_overflow_concentric_impassable,
          minmay_temple_entry_proselytizer, minmay_misc_feat_nine_boxes,
          minmay_misc_feat_cross
D:5:      layout_rooms, kennysheep_okawaru_gauntlet, doesnt_xom_only_xom,
          kennysheep_mini, serial_glass, glass_columns_b, glass_columns_c,
          minmay_misc_feat_more_columns, moated_statue, uniq_blork_the_orc
D:6:      lemuel_ratsnest, layout_loops_corners,
          minmay_overflow_temple_star_quad, serial_shops, nicolae_stop_n_shop_2,
          hex_medium
D:7:      layout_loops_cross, palyth_temple_overflow_mages
D:8:      layout_loops_cross, cheibriados_altar_1, uniq_gastronok
D:9:      layout_roguey, st_stairs_2, uniq_joseph, uniq_maggie, uniq_grum,
          uniq_prince_ribbit1
D:12:     layout_basic, hangedman_misty_isle, uniq_rupert

Skill      XL: |  1  2  3  4  5  6  7  8  9 10 |
---------------+-------------------------------+-----
Staves         | 4 5 6 7 8 10 12 14 15 | 15.0
Fighting       | 3 4 5 6 8 10 | 10.7
Armour         | 2 |  2.7
Dodging        | 4 |  4.3
Throwing       | |  2.0

Action                   |  1- 3 |  4- 6 |  7- 9 | 10-12 || total
-------------------------+-------+-------+-------+-------++-------
Melee: Quarterstaff      |    57 |   178 |   257 |    28 ||   520
       Headbutt          |    10 |    23 |    34 |    11 ||    78
Throw: Throwing net      |       |       |     2 |       ||     2
Invok: Heroism           |       |       |     3 |     1 ||     4
Evoke: Wand              |       |       |     2 |       ||     2
  Use: Scroll            |       |    10 |     2 |       ||    12
       Potion            |       |       |     1 |       ||     1
 Stab: Paralysed         |       |     1 |     1 |       ||     2
Armor: Leather armour    |     2 |    55 |    63 |     8 ||   128
Dodge: Dodged            |    40 |   102 |   141 |    27 ||   310

Table legend: (Time is in decaauts)
 A = Elapsed time spent in this place.
 B = Non-inter-level travel time spent in this place.
 C = Inter-level travel time spent in this place.
 D = Time resting spent in this place.
 E = Time spent auto-exploring this place.
 F = Levels seen in this place.
 G = Mean time per level.
                   A        B        C        D        E       F      G
               +--------+--------+--------+--------+--------+-----+--------+
         Total |   8368 |   7947 |    421 |   1158 |   5467 |  11 |  760.7 |
       Dungeon |   7670 |   7249 |    421 |   1158 |   4988 |  10 |  767.0 |
         Sewer |    697 |    697 |      0 |      0 |    478 |   1 |  697.0 |
               +--------+--------+--------+--------+--------+-----+--------+

Top non-repeatable levels by time:
     D:2: 1344 daAuts
     D:6: 1009 daAuts
     D:4: 987 daAuts
     D:8: 938 daAuts
     D:3: 895 daAuts
     D:7: 834 daAuts
     D:1: 807 daAuts
   Sewer: 697 daAuts
     D:5: 517 daAuts
     D:9: 282 daAuts
    D:12: 52 daAuts
